 Dungeon Crawl Stone Soup version 0.30.1-9-gdf580d7c3d (webtiles) character file.

Game seed: 3653613507201183540

45 H0rd4k the Charlatan (level 3, -3/23 HPs)
             Began as an Octopode Artificer on Oct 24, 2023.
             Slain by a gnoll
             ... wielding a +0 halberd
              (15 damage)
             ... on level 2 of the Dungeon.
             The game lasted 00:00:45 (871 turns).

H0rd4k the Charlatan (Octopode Artificer)            Turns: 871, Time: 00:00:45

Health: -3/23      AC:  1    Str: 11    XL:     3   Next: 64%
Magic:  3/3        EV: 13    Int: 15    God:
Gold:   34         SH:  0    Dex: 12    Spells: 2/2 levels left

rFire   . . .        (no weapon)
rCold   . . .        (no shield)
rNeg    . . .        (helmet restricted)
rPois   .            (no amulet)
rElec   .            (no ring)
rCorr   .            (no ring)
SInv    .            (no ring)
Will    .....        (no ring)
Stlth   +++          (no ring)
HPRegen 0.23/turn    (no ring)
MPRegen 0.08/turn    (no ring)
                     (no ring)

%: no passive effects
@: no status effects
A: almost no armour, amphibious, 8 rings, camouflage 1, gelatinous body 1,
(nimble swimmer 1), tentacles
a: no special abilities


You were on level 2 of the Dungeon.
You visited 1 branch of the dungeon, and saw 2 of its levels.

You collected 34 gold pieces.

Inventory:

Jewellery
 a - a ring of fire
Wands
 b - a wand of flame (15) (quivered)
 c - a wand of charming (14)
 d - a wand of iceblast (5)
Scrolls
 g - a scroll of poison {unknown}
Potions
 e - a potion of might {unknown}
 f - a potion of brilliance {unknown}
 h - a potion of degeneration {unknown}


   Skills:
 + Level 1.1 Fighting
 + Level 3.2 Dodging
 - Level 1.3 Stealth
 + Level 0.5 Unarmed Combat
 + Level 4.1 Evocations


You had 2 spell levels left.
You didn't know any spells.
Your spell library contained the following spells:

 Spells                   Type           Power      Damage    Failure   Level
 Magic Dart               Conj           0%         1d3       26%         1
 Call Imp                 Summ           0%         N/A       38%         2
 Lesser Beckoning         Tloc           0%         N/A       38%         2
 Momentum Strike          Conj/Tloc      0%         3d8       38%         2
 Mephitic Cloud           Conj/Pois/Air  0%         N/A       63%         3
 Disjunction              Tloc           0%         N/A       100%        8


Dungeon Overview and Level Annotations

Branches:
Dungeon (2/15)

Altars:


Innate Abilities, Weirdness & Mutations

You cannot wear most types of armour.
You are amphibious.
You can wear up to eight rings at the same time.
Your skin changes colour to match your surroundings (Stealth+).
Your rubbery body absorbs attacks. (AC +1, EV +1)
((You are camouflaged when in or above water. (Stealth+)))
You have tentacles for arms and can constrict up to eight enemies at once.


Message History

You tentacle-slap the worm. Your grab misses the worm. You squeeze the worm!
The worm is almost dead.
You tentacle-slap the worm but do no damage.
Your grab misses the worm. You squeeze the worm.
You kill the worm!
HP restored.
A gnoll comes into view. It is wielding a +0 flail.
You see here 5 stones.
A gnoll is nearby!
A gnoll is nearby!
A gnoll is nearby! 3 gnolls come into view.
Found 16 gold pieces.
The gnoll shouts! x2
The gnoll moves out of view.
The gnoll shouts!
There are monsters nearby!
You tentacle-slap the gnoll but do no damage.
You grab the gnoll. You squeeze the gnoll!
The gnoll is almost dead.
You constrict the gnoll.
You kill the gnoll!
Things that are here:
a +0 flail; a gnoll corpse The gnoll hits you from afar with a +0 halberd!
Aiming: Charm
Press: ? - help, Shift-Dir - straight line, f - gnoll
Aim: a gnoll, wielding a +0 whip (chance to affect: 67%)
The gnoll is charmed.
The gnoll closely misses you.
Unknown command.
What are your orders? t - Shout!
Orders for allies: a - Attack new target. p - Attack previous target. r - Retreat! s - Stop attacking. g - Guard the area. f - Follow me.
Anything else - Cancel.
Guard this area!
The gnoll hits you from afar with a +0 halberd!
Ouch! That really hurt!
You die...

##+ #$. #... ##...###
#....gg# #g# #@#####
########..$..###
........(.......
###......##......
#.............#.#
####†#.....#.....
#.....##...#...#
####...##...#...###.
.....................


You could see 2 gnolls and a friendly gnoll (charmed, wandering).

Vanquished Creatures
  A gnoll (D:2)
  A worm (D:2)
  2 dart slugs
  3 endoplasms (D:1)
  3 goblins
  3 hobgoblins
  2 jackals (D:2)
  2 quokkas (D:1)
  3 ball pythons (D:1)
  4 bats
  A kobold (D:1)
  2 rats (D:1)
27 creatures vanquished.

Notes
Turn   | Place    | Note
-------+----------+-------------------------------------------
     0 | D:1      | H0rd4k the Octopode Artificer began the quest for the Orb.
     0 | D:1      | Reached XP level 1. HP: 13/13 MP: 1/1
   103 | D:1      | Got the Elucidation of Nonlocality
   158 | D:1      | Reached XP level 2. HP: 18/18 MP: 2/2
   714 | D:2      | Reached XP level 3. HP: 23/23 MP: 3/3
   730 | D:2      | Reached skill level 4 in Evocations
   871 | D:2      | Slain by a gnoll

Illustrated notes

Levels and vault maps discovered:
D:1:      heliophobic_arrival_enchanted_forest, layout_loops_cross,
          minmay_misc_feat_square
D:2:      layout_basic, basic_altar

Skill      XL: |  1  2  3 |
---------------+----------+-----
Dodging        | 3 |  3.2
Evocations     | 4 |  4.1
Fighting       | |  1.1
Stealth        | |  1.3
Unarmed Combat | |  0.5

Action                     || total
---------------------------++-------
  Melee: Unarmed           ||    86
         Constrict         ||    22
         Tentacles         ||    22
  Evoke: Wand              ||     1
   Stab: Sleeping          ||     5
 Armour: Skin              ||     8
  Dodge: Dodged            ||    66
